 Dungeon Crawl Stone Soup version 0.16-a0-4113-g7d8e295 (webtiles) character file.

51 ProjectEKO the Skirmisher (level 3, 0/26 HPs)
             Began as a Demonspawn Gladiator on Mar 1, 2015.
             Succumbed to an adder's poison
             ... on level 2 of the Dungeon.
             The game lasted 00:02:34 (1657 turns).

ProjectEKO the Skirmisher (Demonspawn Gladiator)    Turns: 1657, Time: 00:02:34

Health: 0/26       AC:  2    Str: 15    XL:     3   Next: 58%
Magic:  3/3        EV: 14    Int:  8    God:
Gold:   85         SH:  7    Dex: 18    Spells: 0 memorised, 2 levels left

rFire  . . .     SeeInvis .     g - +1 whip (elec)
rCold  . . .     Clarity  .     j - +0 ring mail (curse)
rNeg   . . .     SustAb   .     p - +0 shield
rPois  .         Gourm    .     (helmet restricted)
rElec  .         Spirit   .     (no cloak)
rCorr  .         Warding  .     (no gloves)
rMut   .         Stasis   .     (no boots)
MR     .....                    (no amulet)
Stlth  ++........               (no ring)
                                (no ring)

@: agile, lethally poisoned (0 -> -11), very slightly contaminated, hasted, very
quick, not resistant to hostile enchantments, unstealthy
A: antennae 1, deformed body, dopey 1, frail 1
a: no special abilities


You were on level 2 of the Dungeon.
You were not hungry.

You visited 1 branch of the dungeon, and saw 2 of its levels.

You collected 85 gold pieces.


Innate Abilities, Weirdness & Mutations

You have a pair of small antennae on your head.
Armour fits poorly on your strangely shaped body.
You are dopey. (Int -2)
You are frail (-10% HP).


   Skills:
 + Level 3.2 Fighting
 - Level 2.8 Long Blades
 + Level 1.6 Maces & Flails
 - Level 1.7 Throwing
 - Level 2.6 Dodging


You had 2 spell levels left.
You didn't know any spells.

Inventory:

Hand weapons
 a - a +0 long sword
 g - a +1 whip of electrocution (weapon)
Missiles
 d - 3 throwing nets (quivered)
 i - 22 stones
Armour
 b - a +0 leather armour
 j - a cursed +0 ring mail (worn)
 p - a +0 shield (worn)
Jewellery
 q - an uncursed ring of protection from magic {unknown}
Scrolls
 c - a scroll of amnesia {unknown}
 e - a scroll of magic mapping {unknown}
 h - 3 scrolls of teleportation {unknown}
 n - a scroll of noise {unknown}
 o - 2 scrolls of identify {unknown}
Potions
 m - a potion of haste
Comestibles
 f - 3 bread rations
 l - a chunk of flesh {@*1}
 r - 3 fruits
 s - a meat ration

Dungeon Overview and Level Annotations

Branches:
Dungeon (2/15)

Altars:

##########
........6#
########†#
###.#########
#...........#
#...........#
#...........########
###.#####...........
#.# #...........
########### #.#
#...........


There were no monsters in sight!


Message History

You feel sick. The adder barely misses you. The adder closely misses you.
You barely miss the adder.
The adder is severely wounded.
You barely miss the adder.
The adder is severely wounded.
The adder bites you but does no damage.
You hit the adder.
The adder is severely wounded.
* * * LOW HITPOINT WARNING * * *
You feel sick. The adder bites you.
* * * LOW HITPOINT WARNING * * *
You are more poisoned.
The adder poisons you!
You hit the adder.
There is a sudden explosion of sparks!
You kill the adder!
* * * LOW HITPOINT WARNING * * *
You feel sick. The bat hits you but does no damage.
The bat hits you but does no damage.
You see here an adder corpse.
You hit the bat.
The bat is heavily wounded.
* * * LOW HITPOINT WARNING * * *
You feel sick. You block the bat's attack.
You hit the bat.
You kill the bat!
* * * LOW HITPOINT WARNING * * *
You feel sick.
There is a lethal amount of poison in your body!
Unknown command.
You die...

Action                   || total
-------------------------++-------
Melee: Whip              ||    95
       Long sword        ||     1
Throw: Throwing net      ||     2
  Use: Potion            ||     3
  Eat: Chunk             ||     2

Vault maps used:
D:1:      dpeg_arrival_radiant, patterned_corridor
D:2:      first_bread

Notes
Turn   | Place    | Note
--------------------------------------------------------------
     0 | D:1      | ProjectEKO, the Demonspawn Gladiator, began the quest for the Orb.
     0 | D:1      | Reached XP level 1. HP: 16/16 MP: 1/1
   613 | D:1      | Gained mutation: You have a pair of small antennae on your head. [demonic ancestry]
   613 | D:1      | Reached XP level 2. HP: 17/23 MP: 2/2
  1351 | D:2      | Reached skill level 3 in Fighting
  1351 | D:2      | Reached skill level 1 in Maces & Flails
  1351 | D:2      | Reached XP level 3. HP: 24/29 MP: 3/3
  1646 | D:2      | Gained mutation: You are dopey. (Int -2) [potion of mutation]
  1646 | D:2      | Gained mutation: Armour fits poorly on your strangely shaped body. [potion of mutation]
  1646 | D:2      | Gained mutation: You are frail (-10% HP). [potion of mutation]
  1654 | D:2      | HP: 2/26 [poisoned by an adder]
  1657 | D:2      | Succumbed to an adder's poison

Vanquished Creatures
  2 adders (D:2)
  2 giant geckos
  7 bats
  3 giant cockroaches (D:1)
  2 hobgoblins
  2 giant newts (D:1)
  8 goblins
  4 kobolds
  3 rats
33 creatures vanquished.
